[Event "FIDE WCCC U10 2018"]
[Site "Santiago de Compostela"]
[Date "2018.11.12"]
[Round "8"]
[White "Kuhn, Clement"]
[Black "Matsumura, Cocoro"]
[Result "1/2-1/2"]
[ECO "B22"]
[WhiteElo "2087"]
[BlackElo "1699"]
[Annotator "NA RC"]
[PlyCount "138"]
[EventDate "2018.11.04"]
[EventType "swiss"]
[EventCountry "ESP"]
[SourceTitle "playchess.com"]
[Source "ChessBase"]
[SourceQuality "1"]
[TimeControl "40/5400+30:1800+30"]

1. e4 c5 2. c3 Nf6 3. e5 Nd5 4. d4 cxd4 5. Nf3 Nc6 6. cxd4 d6 7. Bc4 Nb6 8. Bb5 a6 9. Bxc6+ $1 bxc6 10. O-O {[%emt 0:03:22] LiveBook: 5 Games} g6 {[%emt 0:06:35] B22: Sicilian: 2 c3} 11. Bf4 Nd5 12. Bg3 dxe5 $146 ({Predecessor:} 12... Bg7 13. exd6 exd6 14. Re1+ Be6 15. Nbd2 Bf6 16. Ne4 Be7 17. Rc1 Rc8 18. Qd2 {½-½ (25) Bujdoso,B (2067)-Szekeres,R (2275) Heves 2001}) 13. Nxe5 Bg7 14. Qf3 Be6 15. Nd2 O-O 16. Nb3 Nb4 17. Rfc1 ({White should try} 17. Nc5 $14) 17... a5 18. a3 Bd5 19. Qc3 a4 20. Qxb4 axb3 21. Nd3 Ra5 22. Rc5 (22. a4 $14) 22... Rxc5 23. Nxc5 Qc8 24. Rd1 Qg4 25. Rd3 Qe2 26. Qd2 Qg4 27. f3 Qf5 28. Qd1 $2 (28. Be5 $11) 28... Rd8 29. Bf2 e5 30. Nxb3 (30. dxe5 $11 Bxe5 31. Ne4) 30... Bxb3 31. Qxb3 exd4 32. Qd1 c5 33. b3 Ra8 34. a4 Rb8 35. Qc2 Be5 36. g3 Bd6 37. Kg2 Rb4 38. Be1 Rb8 39. Bf2 h5 40. Qd1 Qe5 41. Qe1 Qxe1 42. Bxe1 Be5 43. f4 Bg7 44. Bf2 f5 45. h3 Kf7 46. g4 Bf6 ({Don't play} 46... fxg4 47. hxg4 hxg4 48. Kg3 $17) 47. gxf5 gxf5 48. Kf1 Ke6 49. Rg3 Kd5 50. Rg6 Bd8 (50... Be7 $142 51. Rg3 Bd6) 51. Rg8 Ke4 52. Ke2 {[%emt 0:08:01] [#]} (52. Re8+ $17 Kf3 53. a5) 52... Bc7 $1 53. Rxb8 Bxb8 54. Bg3 Bc7 55. Be1 Bb6 $2 (55... Bxf4 $19 56. a5 Bb8) 56. a5 Ba7 57. Bd2 d3+ 58. Kd1 Kf3 59. Ke1 Kg3 60. Be3 Kxh3 61. b4 Kg2 62. b5 h4 63. b6 Bxb6 64. axb6 h3 65. b7 h2 66. b8=Q h1=Q+ 67. Kd2 Qf1 68. Qb7+ Kg3 69. Qg7+ $2 ({White must play} 69. Kc3 $18) 69... Kf3 $11 1/2-1/2

[Event "FIDE WCCC U10 2018"]
[Site "Santiago de Compostela"]
[Date "2018.11.12"]
[Round "8"]
[White "Zhong, Kevin"]
[Black "Shivakumar, Shawnak"]
[Result "1/2-1/2"]
[ECO "B45"]
[WhiteElo "2038"]
[BlackElo "1688"]
[Annotator "NA RC"]
[PlyCount "28"]
[EventDate "2018.11.04"]
[EventType "swiss"]
[EventCountry "ESP"]
[SourceTitle "playchess.com"]
[Source "ChessBase"]
[SourceQuality "1"]
[TimeControl "40/5400+30:1800+30"]

1. e4 c5 2. Ne2 Nc6 3. Nbc3 e6 4. d4 cxd4 5. Nxd4 Nf6 6. Ndb5 Bc5 7. Bf4 O-O 8. Bd6 Qb6 9. Bxc5 Qxc5 10. Qd6 Qb6 $1 11. Qc7 Qc5 12. Qd6 Qb6 13. Qc7 Qc5 14. Qd6 $11 Qb6 1/2-1/2

[Event "FIDE WCCC U10 2018"]
[Site "Santiago de Compostela"]
[Date "2018.11.12"]
[Round "8"]
[White "Kadam Om Manish"]
[Black "Kolesov, Gordey"]
[Result "1-0"]
[ECO "C44"]
[WhiteElo "2025"]
[BlackElo "1823"]
[Annotator "NA RC"]
[PlyCount "151"]
[EventDate "2018.11.04"]
[EventType "swiss"]
[EventCountry "ESP"]
[SourceTitle "playchess.com"]
[Source "ChessBase"]
[SourceQuality "1"]
[TimeControl "40/5400+30:1800+30"]

1. e4 e5 2. Nf3 Nc6 3. g3 Nf6 4. d3 Be7 5. Bg2 d5 6. exd5 Nxd5 7. O-O {[%emt 0:00:46] C44: Ponziani Opening and Scotch Gambit} O-O 8. Re1 Bf6 {[%emt 0:02:20] LiveBook: 10 Games} 9. Nc3 (9. Nbd2 Re8 10. a3 a5 11. Ne4 Be7 12. Nc3 Nxc3 13. bxc3 Be6 14. Rb1 Rb8 {½-½ (36) Zvjaginsev,V (2643)-Gagare,S (2490) St Petersburg 2018}) 9... Nxc3 10. bxc3 Bf5 11. Ba3 Re8 12. Nd2 Rb8 13. Rb1 Qd7 14. Ne4 Bxe4 $146 ({Predecessor:} 14... Be7 $11 {remains equal.} 15. Nc5 Bxc5 16. Bxc5 b6 17. Ba3 f6 18. Qf3 Ne7 19. Bxe7 Rxe7 {½-½ (39) Cosma,E (2360)-Foisor,C (2400) Baile Tusnad 1997}) 15. Bxe4 b6 16. Qf3 Ne7 17. Bc1 Rbd8 18. Bd2 ({White should try} 18. g4 $16) 18... Qa4 19. Qd1 c5 20. c4 Nc6 21. Qh5 g6 22. Qf3 Rd6 23. c3 Ne7 24. Be3 Bg7 25. Qe2 Red8 26. Rbd1 Qd7 27. Qc2 Kh8 28. Qc1 f5 29. Bf3 $1 Qa4 ({Avoid the trap} 29... Rxd3 $2 30. Rxd3 Qxd3 31. Rd1 $18) 30. Bg5 Qe8 31. Bxe7 Qxe7 32. Bd5 Qf6 33. Re2 g5 34. f3 f4 35. g4 Qh6 (35... e4 $5) 36. Rde1 Qh3 37. Be4 Rh6 38. Qa3 a5 39. Qb3 Rhd6 40. Qc2 Bf6 41. Rg2 Rg8 42. Bd5 Rg7 {[%emt 0:02:48] [#]} 43. d4 $1 cxd4 44. cxd4 Re7 $2 (44... Rxd5 $16 {was called for.} 45. cxd5 e4) 45. dxe5 Bxe5 $2 (45... Rd8 46. Qb2 Rb8) 46. Rxe5 Rxe5 47. Qc3 Qh6 48. Qxe5+ Qf6 49. Qxf6+ Rxf6 50. Re2 Rd6 51. Re6 Rd8 52. Rxb6 Re8 53. Kf2 Re3 54. Rb2 Rd3 55. Rc2 a4 56. Be4 Rd7 57. c5 a3 58. c6 Rc7 59. Rc3 h5 60. Rxa3 hxg4 61. fxg4 f3 62. Rb3 Re7 63. Rb8+ Kg7 64. Rb7 Kh6 65. c7 Rxc7 66. Bxf3 (66. a4 $142 Re7 67. Ke3 Rxb7 68. Bxb7 Kg6 69. Bxf3 Kf6 70. Kd4 Ke6 71. a5) 66... Rc2+ 67. Kg3 Rc4 68. h4 gxh4+ 69. Kxh4 Rc5 {[%emt 0:00:40] [#]} 70. g5+ $1 Rxg5 71. Rb6+ Kg7 72. Kxg5 Kh7 73. Be4+ Kg7 74. Rb7+ Kf8 75. Bg6 Kg8 76. Kf6 1-0

[Event "FIDE WCCC U10 2018"]
[Site "Santiago de Compostela"]
[Date "2018.11.12"]
[Round "8"]
[White "Xiao, Tong"]
[Black "Seemann, Jakub"]
[Result "1-0"]
[ECO "B92"]
[WhiteElo "2022"]
[BlackElo "1869"]
[Annotator "NA RC"]
[PlyCount "91"]
[EventDate "2018.11.04"]
[EventType "swiss"]
[EventCountry "ESP"]
[SourceTitle "playchess.com"]
[Source "ChessBase"]
[SourceQuality "1"]
[TimeControl "40/5400+30:1800+30"]

1. e4 c5 2. Nf3 d6 3. d4 cxd4 4. Nxd4 Nf6 5. Nc3 a6 6. Be2 e5 7. Nb3 Be7 8. O-O {[%emt 0:00:14] LiveBook: 4368 Games} O-O 9. Bg5 Be6 10. Bxf6 Bxf6 11. Nd5 {[%emt 0:01:00] B92: Sicilian Najdorf: 6 Be2} Nd7 (11... Nc6 12. c3 Bg5 13. a4 Rc8 14. a5 Ne7 15. Nb6 Rc6 16. Bf3 Nc8 17. Nd5 Ne7 18. Nb6 Nc8 19. Nd5 Ne7 20. Nb6 {½-½ (20) Almasi,Z (2695)-Ragger,M (2658) Germany 2014}) 12. Qd3 Rc8 13. c3 Bg5 14. Rfd1 f5 $146 ({Predecessor:} 14... g6 15. Bf3 Kh8 16. g3 b5 17. Bg2 f5 18. exf5 Bxf5 {0-1 (56) Yushinov,N (2184)-Polyakov,M (2400) Zolochiv 2017}) 15. Bf3 Kh8 16. exf5 Bxf5 17. Qe2 b5 18. Bg4 {Black should try} Bxg4 $14 (18... Rc4 ) 19. Qxg4 Rc4 (19... Bh4) 20. Qe6 Nb6 21. Nd2 Nxd5 (21... Rh4 $5 22. Nf3 Rh6 23. Nxg5 Qxg5 $11) 22. Qxd5 Bxd2 23. Rxd2 Rcf4 24. Rad1 (24. Qc6 $16) 24... Qf6 25. Qxd6 ({White should try} 25. Rf1 $16) 25... Qxd6 26. Rxd6 Rxf2 27. Rd8 Rf1+ 28. Rxf1 Rxd8 29. Re1 Re8 30. Kf2 g6 31. Rd1 Rc8 32. Ke3 Rc4 33. Rd5 Rf4 34. Rxe5 Rf1 35. Kd2 Rb1 (35... Kg7 $16 36. Re7+ Kh6) 36. Kc2 Rh1 37. h3 Rg1 38. Re2 Kg7 39. b3 Kf6 40. c4 Ra1 41. Kc3 bxc4 42. Kxc4 Kf5 43. Kb4 Rd1 44. Ka5 Rd6 45. b4 Kf4 $18 46. a4 1-0

[Event "FIDE WCCC U10 2018"]
[Site "Santiago de Compostela"]
[Date "2018.11.12"]
[Round "8"]
[White "Mardov, Dimitar"]
[Black "Giang, Tran Nam"]
[Result "1-0"]
[ECO "B40"]
[WhiteElo "1985"]
[BlackElo "1747"]
[Annotator "NA RC"]
[PlyCount "57"]
[EventDate "2018.11.04"]
[EventType "swiss"]
[EventCountry "ESP"]
[SourceTitle "playchess.com"]
[Source "ChessBase"]
[SourceQuality "1"]
[TimeControl "40/5400+30:1800+30"]

1. e4 c5 2. Nf3 e6 3. d4 cxd4 4. Nxd4 Qb6 5. Nb3 Qc7 6. Nc3 a6 7. Bd3 Nf6 8. O-O d6 9. Qe2 Be7 10. f4 Nc6 {[%emt 0:00:16] B43: Sizilianisch (Paulsen-Variante)} 11. Bd2 b5 12. a3 O-O 13. Rae1 {[%emt 0:01:03] LiveBook: 5 Games} Bb7 14. Rf3 {[%emt 0:10:40] [#]} Rac8 $146 ({Vorgänger:} 14... g6 15. Rh3 Rfe8 16. e5 dxe5 17. fxe5 Nd7 18. Bf4 {0-1 (36) Upton,T (2250)-Timofeev,A (2661) Gothenburg 2005}) 15. Rh3 Rfe8 $2 (15... g6 $1 $11 {and Black has nothing to worry.}) 16. e5 Nd7 $2 (16... dxe5 17. fxe5 Qxe5) 17. Bxh7+ Kf8 18. Qh5 dxe5 {[%emt 0:04:03] [#]} 19. Bg8 $1 Nd8 20. fxe5 Bc5+ 21. Kh1 Qc6 22. Ne4 f5 23. Qh8 Nf7 24. Bxf7+ Kxf7 25. Qh5+ Kf8 26. Qg6 Nxe5 27. Rh8+ Ke7 28. Qxg7+ Kd8 29. Bg5+ 1-0

[Event "FIDE WCCC U10 2018"]
[Site "Santiago de Compostela"]
[Date "2018.11.12"]
[Round "8"]
[White "Pingin, Artem"]
[Black "Volkov, Maksim"]
[Result "1/2-1/2"]
[ECO "C11"]
[WhiteElo "1981"]
[BlackElo "1971"]
[Annotator "NA RC"]
[PlyCount "154"]
[EventDate "2018.11.04"]
[EventType "swiss"]
[EventCountry "ESP"]
[SourceTitle "playchess.com"]
[Source "ChessBase"]
[SourceQuality "1"]
[TimeControl "40/5400+30:1800+30"]

1. e4 e6 2. d4 d5 3. Nc3 Nf6 4. e5 Nfd7 5. Nce2 c5 6. c3 cxd4 7. cxd4 f6 {[%emt 0:00:07] C11: French: Classical System: 4 e5 and 4 Bg5 dxe4} 8. exf6 Nxf6 9. Nf3 {[%emt 0:00:07] LiveBook: 16 Games} Nc6 10. g3 (10. Nc3 Bd6 11. Bb5 O-O 12. O-O Bd7 13. Re1 Qc7 14. h3 Rae8 15. Be3 {½-½ (41) Solodovnichenko,Y (2528)-Sumets,A (2569) Rochefort 2018}) 10... Bd6 (10... Bb4+ $15 11. Nc3 Ne4) 11. Bg2 O-O 12. O-O Bd7 13. Bf4 $146 ({Predecessor:} 13. a3 a5 14. Nc3 Qb6 15. Re1 Rac8 16. Na4 Qc7 17. Qb3 b5 18. Nc3 a4 19. Qc2 Na5 {½-½ (19) Yilmaz,T-Wai,Y Pont Sainte Maxence 1974}) 13... Be8 14. Ng5 Bf7 15. Bh3 Re8 16. Re1 h6 17. Nxf7 Kxf7 18. Bxd6 Qxd6 19. Nf4 (19. Rc1 $14) 19... e5 (19... Nxd4 $1 $11 20. Qxd4 (20. Qd3 e5 $17) 20... e5) 20. dxe5 Nxe5 21. Bg2 Rad8 22. Qb3 Qb6 23. Qxb6 axb6 24. Red1 d4 25. Nd3 Rd7 26. Nxe5+ Rxe5 27. Rd3 Re8 28. Rad1 Red8 29. Rb3 Rd6 30. Bxb7 d3 31. Rd2 Ng4 32. Be4 Ne5 33. f4 Rd4 34. fxe5 Rxe4 35. Rbxd3 Rxd3 36. Rxd3 Rxe5 37. Kf2 Rb5 38. b3 Rc5 39. Ke3 Ke6 40. Rd2 Ke5 41. Kd3 Rc1 42. Rc2 Rd1+ 43. Kc4 Rd5 44. Re2+ Kd6 45. b4 b5+ 46. Kc3 Rf5 47. Rd2+ Kc6 48. a3 g5 49. h3 h5 $1 50. Rd3 h4 ({Black should try} 50... Rf2 $11) 51. gxh4 gxh4 52. Kd4 Rd5+ 53. Ke4 Rxd3 $4 (53... Rg5 $16) 54. Kxd3 Kd5 55. Kc3 Ke4 56. a4 $2 (56. Kb3 {setzt Matt} Kf3 57. a4 bxa4+ 58. Ka3 (58. Kxa4 Kg3 $14) 58... Kg3 59. b5 Kg2 60. b6 Kxh3 61. b7) 56... bxa4 57. Kc4 a3 58. Kb3 Kd5 59. Kxa3 Kc6 $1 60. Kb3 Kb5 61. Kc3 Kc6 62. Kc4 Kb6 63. b5 Kc7 64. Kc5 Kb7 65. b6 Kb8 66. Kb5 Kb7 67. Ka5 Kb8 68. Ka6 Ka8 69. Kb5 (69. b7+ $16 Kb8 70. Kb6) 69... Kb7 70. Kc5 Kb8 71. Kd5 Kb7 72. Ke5 Kxb6 73. Kf5 Kc6 74. Kg5 Kd7 75. Kxh4 Ke7 76. Kg5 Kf7 77. Kh6 $11 Kg8 1/2-1/2

[Event "FIDE WCCC U10 2018"]
[Site "Santiago de Compostela"]
[Date "2018.11.12"]
[Round "8"]
[White "Vagman, Roy"]
[Black "Jin Yueheng"]
[Result "0-1"]
[ECO "A05"]
[WhiteElo "1970"]
[BlackElo "1914"]
[Annotator "NA RC"]
[PlyCount "78"]
[EventDate "2018.11.04"]
[EventType "swiss"]
[EventCountry "ESP"]
[SourceTitle "playchess.com"]
[Source "ChessBase"]
[SourceQuality "1"]
[TimeControl "40/5400+30:1800+30"]

1. Nf3 Nf6 2. g3 g6 3. Bg2 Bg7 4. O-O O-O 5. c4 d6 6. Nc3 c6 7. d4 Nbd7 8. e4 e5 9. b3 Qa5 10. Bb2 {[%emt 0:01:56] LiveBook: 4 Games E68: King's Indian: Fianchetto: 6...Nbd7 7 0-0 e5 8 e4} Rd8 (10... a6 11. a3 Qc7 12. Rc1 Re8 13. Re1 Qb8 14. Qc2 b5 15. c5 Bb7 16. cxd6 exd4 17. Nxd4 Qxd6 {1-0 (28) Azaladze,S (2499)-Hossain,E (2423) Mumbai 2015}) 11. Qc2 Nf8 12. dxe5 $146 ({Predecessor:} 12. Rad1 Bg4 13. Ne2 Re8 14. h3 Bxf3 15. Bxf3 Ne6 16. Rfe1 Rad8 17. Bg2 Nh5 {½-½ (78) Mamatkulova,M (2091)-Shaymuratov,I (2197) Tashkent 2011}) 12... dxe5 13. Rad1 Bg4 14. a3 Bxf3 15. Bxf3 Ne6 16. b4 Qc7 17. Ne2 b6 18. Nc1 a5 19. Bg2 Ne8 20. h4 c5 21. Rxd8 Qxd8 22. bxc5 bxc5 23. Ne2 Nd4 24. Nxd4 cxd4 25. Rd1 (25. c5 $11 {bleibt in der Remisbreite.}) 25... Qc7 26. Bf1 Qc5 27. Bd3 Nd6 28. Kg2 Rc8 29. Qe2 Bh6 30. f4 exf4 31. g4 Bg7 ({Less strong is} 31... Nxc4 32. Bxc4 Qxc4 33. Qxc4 $15) 32. Rc1 Re8 33. Qf3 Be5 34. Rc2 Rb8 35. Be2 $2 {[%emt 0:04:44] [#]} (35. Bc1) 35... d3 $1 36. Bxe5 dxc2 37. Qxf4 c1=Q (37... Rb1 $142 38. Qf2 c1=Q 39. Qxc5 Qh1+ 40. Kf2 Qg1+ 41. Kf3 Rb3+ 42. Bc3 Rxc3+ 43. Kf4 Qxc5 44. Bf3 f6 45. g5 {[#]} Nxe4 $1 46. Bxe4 Qf2+ 47. Kg4 Qg3#) 38. Qxc1 Qxe5 39. c5 Nxe4 $19 0-1

[Event "FIDE WCCC U10 2018"]
[Site "Santiago de Compostela"]
[Date "2018.11.12"]
[Round "8"]
[White "Sosa Costa, Leonardo"]
[Black "Zhao, Erick"]
[Result "0-1"]
[ECO "B42"]
[WhiteElo "1945"]
[BlackElo "1957"]
[Annotator "NA RC"]
[PlyCount "100"]
[EventDate "2018.11.04"]
[EventType "swiss"]
[EventCountry "ESP"]
[SourceTitle "playchess.com"]
[Source "ChessBase"]
[SourceQuality "1"]
[TimeControl "40/5400+30:1800+30"]

1. e4 c5 2. Nf3 e6 3. d4 cxd4 4. Nxd4 a6 5. Bd3 Qc7 6. O-O Nf6 7. Qe2 d6 {[%emt 0:08:35] LiveBook: 1779 Games} 8. c4 Nc6 9. Nc2 {[%emt 0:13:32] B42: Sicilian: Kan Variation: 5 Bd3} (9. Nxc6 Qxc6 10. Nc3 Be7 11. Bg5 h6 12. Bh4 Qc5 13. Rad1 Bd7 14. Kh1 Bc6 15. f3 O-O 16. f4 Rfe8 {1-0 (31) Aravindh,C (2578)-Sadikhov,U (2491) Manavgat 2018}) 9... Be7 10. f4 O-O 11. Nc3 b6 $146 ({Predecessor:} 11... Nd7 12. Bd2 Nc5 13. Rae1 Nxd3 14. Qxd3 Bd7 15. b3 Rad8 16. Rf3 Bc8 {1-0 (30) Heinechen,J (2160)-Sartorio,F (1557) Asuncion 2018}) 12. b3 Bb7 13. Bb2 Rfe8 14. Rad1 Nd7 15. Ne1 Bf6 16. Bb1 Rad8 (16... b5 $5) 17. Nf3 Nf8 18. Qf2 Ng6 19. Qg3 b5 {[%emt 0:02:23] [#]} 20. f5 (20. Nd5 $1 $16 exd5 21. Bxf6 gxf6 22. cxd5) 20... Nge5 21. fxe6 fxe6 22. cxb5 axb5 23. Kh1 Qb6 24. Ne2 ({Viel schwächer wäre} 24. Nxe5 Bxe5 25. Qh3 (25. Qf3 Rf8 $11) 25... h6 $11) (24. Nd4 $5 Nxd4 25. Rxf6 $11) 24... Rf8 $1 25. Nf4 Nxf3 $1 26. Bxf6 Rxf6 27. gxf3 (27. Nh5 $11 Rg6 28. Qxf3) 27... Qe3 ({Better is} 27... Rdf8 $17 28. Nh5 Rg6) 28. Nh5 Rg6 29. Qf2 Qh6 30. Ng3 {[%emt 0:01:00] [#]} Ne5 $1 31. Qb6 {[%emt 0:03:17] [#]} Rf8 $1 32. Qxd6 (32. f4 $17 Ng4 33. Rd2) 32... Nxf3 33. Rxf3 Rxf3 34. Qb8+ (34. Qc7 $142 Rf8 35. Rd8) 34... Rf8 35. Rd8 Rgf6 (35... Qc1+ $142 36. Rd1 Qxd1+ 37. Kg2 Qf1#) 36. Rxf8+ Rxf8 37. Qxb7 Qc1+ 38. Kg2 Qxb1 39. Qxb5 Qxa2+ 40. Kh3 h6 41. Qc4 Rf6 42. Nh5 Rf3+ 43. Ng3 Qxb3 44. Qc8+ Kh7 45. Qc6 Rf2 46. Qc1 Qf3 (46... Qa2 $142 47. Kg4 Rxh2) 47. Qg1 h5 48. Qxf2 Qxf2 49. Nxh5 Qf3+ 50. Ng3 g5 0-1

[Event "FIDE WCCC U10 2018"]
[Site "Santiago de Compostela"]
[Date "2018.11.12"]
[Round "8"]
[White "Atanasov, Anthony"]
[Black "Dang, Anh Minh"]
[Result "0-1"]
[ECO "A45"]
[WhiteElo "1916"]
[BlackElo "1817"]
[Annotator "NA RC"]
[PlyCount "112"]
[EventDate "2018.11.04"]
[EventType "swiss"]
[EventCountry "ESP"]
[SourceTitle "playchess.com"]
[Source "ChessBase"]
[SourceQuality "1"]
[TimeControl "40/5400+30:1800+30"]

1. d4 Nf6 2. Bf4 d5 3. e3 c5 4. c3 e6 5. Nd2 Nc6 6. Ngf3 cxd4 7. exd4 {D02: 1 d4 d5 2 Nf3 sidelines, including 2...Nf6 3 g3 and 2...Nf6 3 Bf4} Nh5 8. Be3 Bd6 {LiveBook: 104 Games} 9. g3 (9. Bd3 Nf4 10. Bxf4 Bxf4 11. g3 Bd6 12. O-O O-O 13. Re1 Bd7 14. h4 h6 {1-0 (44) Caruana,F (2822)-Aronian,L (2767) chess.com INT 2018}) 9... O-O 10. Ne5 g6 11. Ndf3 f6 12. Ng4 $1 Kh8 13. Nh6 Ng7 14. Qd2 $146 ({Predecessor:} 14. Be2 b6 {0-1 (59) Dhulipalla,B (2337)-Yilmaz,M (2614) Dubai 2017}) 14... Qa5 15. a3 Bd7 16. Bh3 Qb6 17. b4 Ne7 18. O-O (18. Ne5 $5 Be8 19. O-O $11) 18... Qc7 19. Rfe1 Nc8 20. Bf1 Nb6 21. Qc2 Rac8 22. Rac1 a6 23. Bd3 Nf5 24. Nxf5 gxf5 25. Qd2 Rf7 26. Bh6 Nc4 27. Bxc4 Qxc4 28. Bf4 Bxf4 29. Qxf4 Qb3 30. Ra1 Rxc3 31. Nd2 (31. Kg2 $11 {remains equal.}) 31... Qa4 32. Qb8+ Kg7 33. Nf1 Rxa3 34. Rxa3 Qxa3 35. Qxb7 Qc3 36. Rb1 Bb5 (36... Qxd4 $19 {and Black stays clearly on top.} 37. Qxa6 e5) 37. Qb6 Bd3 38. Rd1 Be4 39. f4 Qf3 40. Rd2 Bd3 41. Rf2 Qe4 42. Qc5 (42. Nd2 {was called for.} Qe1+ 43. Kg2) 42... Qe1 43. Kg2 Rb7 (43... h5 $19 44. h4 Be4+ 45. Kg1 Kh7) 44. Nd2 Be4+ (44... Qe3 $19 45. Qc8 Rf7) 45. Nxe4 fxe4 ({Black should try} 45... dxe4 $17 46. Qc4 Re7) 46. Qc6 $1 Qxb4 47. Qxe6 Qxd4 48. Qg4+ Kf7 49. Qh5+ (49. Qf5 $11 Rb1 50. Qxh7+ Kf8 51. Qh6+ Ke7 52. Qg7+ Kd6 53. Qf8+ Kd7 54. Qf7+ Kd6 55. Rc2) 49... Kf8 50. Qh3 {[#]} (50. Qh6+ $17 Kg8 51. Qh5) 50... Re7 $11 (50... Rc7 $1 $19 51. Ra2 {[#]} a5 $1 52. Qh6+ Kg8) 51. Rc2 $1 Qd1 52. Rc8+ Kg7 53. Rb8 Qf3+ 54. Kg1 e3 55. Qc8 Qf2+ 56. Kh1 Qf1# 0-1

[Event "FIDE WCCC U10 2018"]
[Site "Santiago de Compostela"]
[Date "2018.11.12"]
[Round "8"]
[White "Hagner, Bennet"]
[Black "Deuer, Marius"]
[Result "0-1"]
[ECO "C42"]
[WhiteElo "1912"]
[BlackElo "1695"]
[Annotator "NA RC"]
[PlyCount "70"]
[EventDate "2018.11.04"]
[EventType "swiss"]
[EventCountry "ESP"]
[SourceTitle "playchess.com"]
[Source "ChessBase"]
[SourceQuality "1"]
[TimeControl "40/5400+30:1800+30"]

1. e4 e5 2. Nf3 Nf6 3. Nxe5 d6 4. Nf3 Nxe4 5. d3 Nf6 6. d4 d5 7. Be2 Bd6 8. O-O h6 {[%emt 0:01:50] C01: French: Exchange Variation} 9. c4 dxc4 10. Bxc4 O-O 11. h3 {[%emt 0:00:43] LiveBook: 20 Partien} c6 $146 (11... Nbd7 12. Nc3 Nb6 13. Bb3 c6 14. Qd3 Nbd5 15. Nxd5 Nxd5 16. Bc2 Nf6 17. Re1 Re8 {1-0 (63) Abasov,N (2596)-Stupak,K (2586) Baku 2017}) 12. Nc3 Nbd7 13. Re1 Nb6 14. Bb3 Nbd5 15. Nxd5 Nxd5 16. Bxd5 cxd5 17. Qd3 Be6 18. Ne5 f6 19. Ng6 Re8 20. Bf4 Qd7 21. Qg3 Bxf4 22. Nxf4 Bf7 23. Re3 Rxe3 24. fxe3 Rc8 25. Nd3 Qb5 26. Rd1 {[%emt 0:02:01] [#]} (26. Qg4 $1 $15 Re8 27. Qe2) 26... Rc2 $1 27. Qb8+ {[%emt 0:04:44] [#]} Kh7 $1 28. Qxa7 $2 (28. Nf4 $17) 28... Bh5 29. g4 Bg6 $2 (29... Qe8 30. Ne5 fxe5) 30. Qa3 Be4 31. Qb3 Rg2+ 32. Kf1 Qc6 33. Nf2 Qd6 34. Nxe4 Qh2 35. Nxf6+ Kh8 0-1

[Event "FIDE WCCC U10 2018"]
[Site "Santiago de Compostela"]
[Date "2018.11.12"]
[Round "8"]
[White "Cnejev, Vladimir-Alexandru"]
[Black "Anand, Batsukh"]
[Result "1/2-1/2"]
[ECO "B40"]
[WhiteElo "1810"]
[BlackElo "1746"]
[Annotator "NA RC"]
[PlyCount "155"]
[EventDate "2018.11.04"]
[EventType "swiss"]
[EventCountry "ESP"]
[SourceTitle "playchess.com"]
[Source "ChessBase"]
[SourceQuality "1"]
[TimeControl "40/5400+30:1800+30"]

1. e4 c5 2. Nf3 e6 3. c3 Nf6 4. e5 Nd5 5. d4 cxd4 6. cxd4 d6 7. a3 Bd7 8. Bd3 Bc6 9. O-O Nd7 10. Re1 Rc8 {[%emt 0:01:32] LiveBook: 34 Games} 11. Bd2 {[%emt 0:01:36] B22: Sicilian: 2 c3} (11. b4 a6 12. Ng5 dxe5 13. Nxe6 fxe6 14. Qh5+ Ke7 15. dxe5 h6 16. Nc3 Nxc3 17. Bg5+ hxg5 18. Qxg5+ Nf6 19. exf6+ gxf6 20. Rxe6+ Kxe6 {0-1 (26) Arenas Vanegas,D (2490)-Topalov,V (2768) Baku 2016 CBM 175 [Ftacnik,L]}) 11... Be7 12. Nc3 dxe5 13. dxe5 Nxc3 14. Bxc3 {[%emt 0:04:19] [#]} Nc5 $146 ({Predecessor:} 14... O-O 15. Rc1 Qc7 16. Qc2 g6 17. Qe2 Rfd8 18. h3 a6 {½-½ (74) Kleeschaetzky,R (2305)-Jaracz,P (2531) Guben 2003}) 15. Bc2 Qxd1 16. Raxd1 Na4 17. Bxa4 Bxa4 18. Rc1 O-O 19. Bd4 b6 20. Be3 h6 21. Nd4 Rc5 22. Nf3 Rxc1 23. Rxc1 Rd8 24. h3 Rd7 25. Bd4 Rb7 26. Kf1 a5 27. Nd2 Bd7 28. Ne4 Bd8 29. Ke2 Rc7 30. Rxc7 Bxc7 31. g3 Bc6 32. Kd3 Kf8 33. Nc3 g5 34. f4 Bg2 35. h4 gxf4 36. gxf4 Bd8 37. Bf2 Kg7 38. Ke2 Kg6 39. b4 Kf5 40. Bg3 $2 (40. Nb5 $17 {war nötig.}) 40... Kg4 41. Kf2 Bc6 42. b5 Bd5 43. Nxd5 exd5 44. h5 a4 45. Kg2 Kxh5 46. Kf3 $1 $11 Bh4 47. Bh2 Bd8 48. Bg1 $2 Kg6 49. Ke3 Kf5 50. Kd4 h5 51. Kxd5 {[%emt 0:01:59] [#]} h4 $1 52. Kc6 h3 53. Bh2 {[%emt 0:00:40] [#]} Kg4 (53... Ke6 $1 54. Kb7 Kd5) 54. Kb7 {[%emt 0:05:03] [#]} (54. Kd7 $142 Bh4 55. Kc6) 54... Kf5 $2 (54... Bh4 $1 $19 55. f5 Bf2) 55. Kc6 {[%emt 0:01:57] [#]} Ke4 $2 56. Kd6 $2 (56. Kb7) 56... Bh4 57. e6 fxe6 58. Kxe6 Kf3 (58... Bf2 $142 59. f5 Bc5) 59. f5 Kg2 60. Bd6 {[%emt 0:00:33] [#]} h2 $1 61. Bxh2 Kxh2 62. Kd6 {[%emt 0:00:39] [#]} Bf2 $1 63. Kc6 Bc5 64. f6 Bxa3 $11 (64... Kg3 $5 65. f7 $8 Kh4 $11) 65. Kxb6 Bd6 66. Kc6 a3 67. Kxd6 a2 68. f7 a1=Q 69. Ke7 Qe5+ 70. Kd8 Qf6+ 71. Ke8 Qe6+ 72. Kf8 Kg3 73. b6 Kh4 74. b7 Qe5 75. b8=Q Qxb8+ 76. Kg7 Qe5+ 77. Kg8 Kg5 78. f8=Q 1/2-1/2

[Event "FIDE WCCC U10 2018"]
[Site "Santiago de Compostela"]
[Date "2018.11.12"]
[Round "8"]
[White "Hladky, Tadeas"]
[Black "Viswak Sen M"]
[Result "1-0"]
[ECO "C11"]
[WhiteElo "1764"]
[BlackElo "1550"]
[Annotator "NA RC"]
[PlyCount "75"]
[EventDate "2018.11.04"]
[EventType "swiss"]
[EventCountry "ESP"]
[SourceTitle "playchess.com"]
[Source "ChessBase"]
[SourceQuality "1"]
[TimeControl "40/5400+30:1800+30"]

1. e4 e6 2. d4 d5 3. Nc3 Nf6 4. e5 Nfd7 5. f4 c5 6. Nf3 Nc6 7. Be3 a6 8. Be2 b5 9. a3 Bb7 10. O-O Qb6 11. Bf2 cxd4 12. Nxd4 Bc5 13. Nxc6 Qxc6 14. Bf3 Nb6 15. Ne2 Rc8 16. Nd4 Bxd4 17. Bxd4 Na4 18. Rc1 Nc5 19. c4 bxc4 20. Rxc4 Qb5 21. Rc3 O-O 22. Be2 Qxb2 23. Rxc5 Qxa3 24. Qa1 Qxa1 25. Rxa1 Rxc5 26. Bxc5 Rc8 27. Rb1 Rxc5 28. Rxb7 g6 29. Bxa6 Ra5 30. Be2 Ra1+ 31. Kf2 Ra2 32. Rb3 Kg7 33. h4 h6 34. Re3 f5 35. exf6+ Kxf6 36. Kg3 h5 37. Bd3 d4 38. Rxe6+ 1-0